 Dungeon Crawl Stone Soup version 0.16-a0-262-g6fc725f (console) character file.

3355 Kellhus the Conjurer (level 10, 6/56 HPs)
             Began as an Octopode Wizard on Aug 25, 2014.
             Was a Believer of Vehumet.
             Quit the game on Level 8 of the Dungeon.
             The game lasted 00:19:33 (9839 turns).

Kellhus the Conjurer (Octopode Wizard)              Turns: 9839, Time: 00:19:33

HP   6/56        AC  1     Str  7      XL: 10   Next:  3%
MP   8/24        EV 12     Int 24      God: Vehumet [**....]
Gold 324         SH  0     Dex 12      Spells:  7 memorised,  9 levels left

rFire  . . .     SeeInvis .     a - +2 whip (elec)
rCold  + . .     Clarity  .     (no shield)
rNeg   . . .     rCorr    .     b - +0 hat
rPois  .         rRot     .     (no amulet)
rElec  .         Spirit   .     e - ring of wizardry
SustAb .         Warding  .     n - ring of protection from cold
rMut   .         Stasis   .     x - ring of protection from magic
Gourm  .                        F - +2 ring of dexterity
MR     +....                    (no ring)
                                (no ring)
                                (no ring)
                                (no ring)

@: somewhat resistant to hostile enchantments, fairly stealthy
A: almost no armour, amphibious, 8 rings, constrict 8, camouflage 1, gelatinous
body 1
a: Renounce Religion


You were on level 8 of the Dungeon.
You worshipped Vehumet.
Vehumet was pleased with you.
You were hungry.

You visited 1 branch of the dungeon, and saw 8 of its levels.

You collected 324 gold pieces.

Inventory:

Hand weapons
 a - a +2 whip of electrocution (weapon)
 t - a -2 blowgun
 A - a +2 short sword of venom
Missiles
 w - 43 poisoned needles
Armour
 b - a +0 hat (worn)
Magical devices
 B - a wand of draining (5)
Comestibles
 d - 5 bread rations
 g - a slice of pizza
 j - 5 meat rations
 N - a rotting chunk of jackal flesh
Scrolls
 f - 3 scrolls of amnesia {unknown}
 h - 2 scrolls of recharging {unknown}
 i - 6 scrolls of remove curse
 l - 4 scrolls of immolation {unknown}
 m - 2 scrolls of noise {unknown}
 q - a scroll of blinking {unknown}
 v - 2 scrolls of teleportation {unknown}
 K - a scroll of acquirement {unknown}
Jewellery
 e - a ring of wizardry (left tentacle)
 n - a ring of protection from cold (right tentacle)
 u - an uncursed ring of fire
 x - a ring of protection from magic (on tentacle)
 F - a +2 ring of dexterity (on tentacle)
Potions
 k - a potion of invisibility
 o - 5 potions of curing
 p - a potion of restore abilities
 r - a potion of mutation
 s - a potion of berserk rage
 y - a potion of heal wounds {unknown}
 z - 3 potions of poison
 C - a potion of agility
 D - 2 potions of magic {unknown}
 E - a potion of flight {unknown}
 G - 4 potions of brilliance {unknown}
 I - a potion of cure mutation {unknown}
 J - a potion of might {unknown}
Books
 c - a book of Minor Magic

   Spells                             Type                      Level
   *Magic Dart                        Conjuration                  1
   *Blink                             Translocation                2
   Call Imp                           Summoning                    2
   *Repel Missiles                    Charms/Air                   2
   Slow                               Hexes                        2
   *Conjure Flame                     Conjuration/Fire             3
   *Mephitic Cloud                    Conjuration/Poison/Air       3
 M - a book of Spatial Translocations

   Spells                             Type                      Level
   *Apportation                       Translocation                1
   *Blink                             Translocation                2
   Shroud of Golubria                 Charms/Translocation         2
   Portal Projectile                  Translocation                3
   Teleport Other                     Translocation                3
   Passage of Golubria                Translocation                4
Rods
 L - a +0 rod of striking (11/11)
   (You found it on level 6 of the Dungeon)


   Skills:
 - Level 2.0 Dodging
 - Level 2.6 Stealth
 - Level 6.9 Spellcasting
 - Level 9.0 Conjurations
   Level 1.0 Summonings
 - Level 1.0 Translocations
 + Level 8.1 Fire Magic


You had 9 spell levels left.
You knew the following spells:

 Your Spells              Type           Power        Failure   Level  Hunger
a - Flame Tongue          Conj/Fire      #####        1%          1    None
b - Conjure Flame         Conj/Fire      #####...     1%          3    None
c - Mephitic Cloud        Conj/Pois/Air  ###.....     4%          3    None
d - Magic Dart            Conj           ####         1%          1    None
e - Apportation           Tloc           ##........   2%          1    None
l - Blink                 Tloc           N/A          4%          2    None
r - Repel Missiles        Chrm/Air       #.....       4%          2    None


Dungeon Overview and Level Annotations

Branches:
Dungeon (8/15)             Temple (0/1) D:5
   Lair: D:8-11

Altars:
Ashenzari
Gozag
Qazlal
Sif Muna
Vehumet
Yredelemnul

Annotations:
D:5 Poody's ghost, average MfGl


Innate Abilities, Weirdness & Mutations

You cannot wear most types of armour.
You are amphibious.
You can wear up to eight rings at the same time.
You can use your tentacles to constrict many enemies at once.
Your skin changes colour to match your surroundings (Stealth).
Your rubbery body absorbs attacks (AC +1).


Message History

Press: ? - help, Shift-Dir - straight line, f/p - jackal
Aim: a jackal (severely wounded)
The flame tongue hits the jackal.
The jackal appears unharmed.
The jackal is severely wounded.
The jackal closely misses you.
Casting: Flame Tongue
Confirm with . or Enter, or press ? or * to list all spells.
Aiming: Flame Tongue
Press: ? - help, Shift-Dir - straight line, f/p - jackal
Aim: a jackal (severely wounded)
The flame tongue hits the jackal.
You kill the jackal!
Vehumet accepts your kill.
Casting: Flame Tongue
Confirm with . or Enter, or press ? or * to list all spells.
You can't see any susceptible monsters within range! (Use Z to cast anyway.)
Casting: Flame Tongue
Confirm with . or Enter, or press ? or * to list all spells.
You can't see any susceptible monsters within range! (Use Z to cast anyway.) Are you sure you want to abandon this character and quit the game? (Confirm with "yes".)

. ...... ..
###...##. ##.
#.5....... ..
#.# #######.
#.#
#....##.###.#
#.##.##.....#
#..#.###....#
#.<#......@.#
####........#
.....#.#....#
####.....####
#..#.#...
#>.....###
#.......
#########


You could see a crimson imp.

Vanquished Creatures
  The ghost of Protee the Chucker, an experienced OgHu of Okawaru (D:7)
  Pikel (D:4)
  Eustachio (D:4)
  2 hippogriffs
  A slave (D:4)
  3 ogres
  3 orc warriors
  A phantom (D:5)
  An ice beast (D:7)
  A centaur (D:5)
  A giant frog (D:6)
  A scorpion (D:4)
  A crimson imp (D:5)
  A goliath beetle (D:6)
  4 wights (D:7)
  A black bear zombie (D:7)
  5 hounds
  A jelly (D:7)
  2 giant frog skeletons
  An iguana (D:4)
  2 orc wizards
  6 worker ants
  An ogre zombie (D:7)
  An ogre skeleton (D:6)
  6 adders
  10 gnolls
  A worker ant zombie (D:7)
  A giant mite (D:4)
  A shadow imp (D:8)
  4 worms
  4 giant geckos
  2 oozes
  25 orcs
  A ball python (D:3)
  14 bats
  5 giant cockroaches
  2 giant mite zombies
  12 hobgoblins
  10 jackals
  21 kobolds
  2 quokkas
  4 giant newts
  A giant spore (D:6)
  9 goblins
  A goblin skeleton (D:4)
  An orc zombie (D:7)
  10 rats
  2 ballistomycetes (D:6)
  12 butterflies (D:7)
204 creatures vanquished.

Vanquished Creatures (others)
  A giant spore (D:6)
1 creature vanquished.

Grand Total: 205 creatures vanquished

Notes
Turn   | Place    | Note
--------------------------------------------------------------
     0 | D:1      | Kellhus, the Octopode Wizard, began the quest for the Orb.
     0 | D:1      | Reached XP level 1. HP: 11/11 MP: 4/4
   385 | D:1      | Reached XP level 2. HP: 4/17 MP: 0/6
  1592 | D:2      | Reached XP level 3. HP: 21/21 MP: 4/7
  1597 | D:2      | Learned a level 3 spell: Conjure Flame
  2144 | D:2      | Reached XP level 4. HP: 27/27 MP: 3/9
  2230 | D:2      | Reached skill level 4 in Conjurations
  2866 | D:2      | Learned a level 3 spell: Mephitic Cloud
  3250 | D:3      | Reached XP level 5. HP: 31/31 MP: 6/11
  3547 | D:3      | Reached skill level 5 in Conjurations
  4370 | D:4      | Reached XP level 6. HP: 27/36 MP: 7/12
  4441 | D:4      | Reached skill level 6 in Conjurations
  4748 | D:4      | Found a basalt altar of Yredelemnul.
  4786 | D:4      | Noticed an ogre
  4806 | D:4      | Killed an ogre
  5133 | D:4      | Reached XP level 7. HP: 41/41 MP: 4/17
  5518 | D:4      | Noticed a slave
  5520 | D:4      | Noticed Pikel
  5520 | D:4      | Noticed a slave
  5523 | D:4      | Noticed a slave
  5526 | D:4      | Noticed a slave
  5539 | D:4      | Killed Pikel
  5539 | D:4      | Reached XP level 8. HP: 46/46 MP: 3/22
  5544 | D:4      | Killed a freed slave
  5815 | D:4      | Found a stormy altar of Qazlal.
  5815 | D:4      | Found a radiant altar of Vehumet.
  5820 | D:4      | Noticed Eustachio
  5826 | D:4      | Became a worshipper of Vehumet
  5835 | D:4      | Found a shattered altar of Ashenzari.
  5836 | D:4      | Found an opulent altar of Gozag.
  5837 | D:4      | Killed Eustachio
  5842 | D:4      | Found a basalt altar of Yredelemnul.
  5971 | D:4      | Reached skill level 7 in Conjurations
  6151 | D:5      | Entered Level 5 of the Dungeon
  6163 | D:5      | Noticed Poody's ghost (average MfGl)
  6519 | D:5      | Learned a level 2 spell: Repel Missiles
  6523 | D:5      | Learned a level 2 spell: Blink
  6736 | D:5      | Found a staircase to the Ecumenical Temple.
  6754 | D:5      | Reached skill level 8 in Conjurations
  7674 | D:6      | Acquired Vehumet's first power
  7674 | D:6      | Offered knowledge of Flame Tongue by Vehumet.
  7744 | D:6      | Reached XP level 9. HP: 26/51 MP: 8/23
  8009 | D:6      | Learned a level 1 spell: Flame Tongue
  8022 | D:6      | Reached skill level 9 in Conjurations
  8072 | D:6      | Identified a +0 rod of striking (11/11) (You found it on level 6 of the Dungeon)
  8116 | D:6      | Reached skill level 1 in Fire Magic
  8170 | D:6      | Found a deep blue altar of Sif Muna.
  8549 | D:7      | Noticed Protee's ghost (experienced OgHu)
  8818 | D:7      | Offered knowledge of Searing Ray by Vehumet.
  8881 | D:7      | Reached skill level 5 in Fire Magic
  9174 | D:7      | Killed Protee's ghost
  9458 | D:7      | Learned a level 1 spell: Apportation
  9832 | D:8      | Reached XP level 10. HP: 5/56 MP: 12/24
  9839 | D:8      | Quit the game

Action                   |  1- 3 |  4- 6 |  7- 9 | 10-12 || total
-------------------------+-------+-------+-------+-------++-------
Melee: Unarmed           |     2 |    11 |       |       ||    13
       Whip              |       |       |    36 |       ||    36
 Fire: Blowgun           |       |    11 |    11 |       ||    22
 Cast: Magic Dart        |    80 |   172 |   169 |       ||   421
       Mephitic Cloud    |       |     3 |     8 |       ||    11
       Conjure Flame     |       |     2 |    26 |       ||    28
       Blink             |       |       |     7 |       ||     7
       Repel Missiles    |       |       |     1 |       ||     1
       Flame Tongue      |       |       |   133 |     6 ||   139
Evoke: Wand              |       |       |     1 |       ||     1
  Use: Potion            |       |     1 |       |       ||     1
       Scroll            |       |       |     7 |       ||     7
 Stab: Sleeping          |       |       |     1 |       ||     1
  Eat: Chunk             |     3 |    10 |     9 |       ||    22
       Meat ration       |       |       |     1 |       ||     1
